 Dungeon Crawl Stone Soup version 0.17.1-3-g152610e (webtiles) character file.

237 kaze the Ducker (level 5, 0/79 HPs)
             Began as a Troll Berserker on Mar 9, 2016.
             Was a Priest of Trog.
             Slain by an orc
             ... wielding a +0 dagger
              (5 damage)
             ... on level 4 of the Dungeon.
             The game lasted 00:04:49 (1931 turns).

kaze the Ducker (Troll Berserker)                   Turns: 1931, Time: 00:04:51

Health: 0/79       AC:  5    Str: 31    XL:     5   Next: 77%
Magic:  4/4        EV: 10    Int:  3    God:    Trog [***...]
Gold:   196        SH:  0    Dex:  9    Spells: 0 memorised, 4 levels left

rFire  . . .     SeeInvis .     m - +4 spear (flame)
rCold  . . .     Clarity  .     a - +0 animal skin
rNeg   . . .     SustAt   +     (no shield)
rPois  .         Gourm    +     (helmet restricted)
rElec  .         Spirit   .     (no cloak)
rCorr  .         Warding  .     (gloves unavailable)
rMut   .         Stasis   .     (boots unavailable)
MR     .....                    (no amulet)
Stlth  ..........               q - +3 ring of slaying
                                u - ring of sustain attributes

@: berserking, very quick, not resistant to hostile enchantments, extremely
unstealthy
A: unfitting armour, claws 3, fast metabolism 3, gourmand, regeneration 2,
shaggy fur 1, tough skin 2
a: Berserk, Trog's Hand, Burn Spellbooks, Renounce Religion


You were on level 4 of the Dungeon.
You worshipped Trog.
Trog was most pleased with you.
You were full.

You visited 1 branch of the dungeon, and saw 4 of its levels.

You collected 196 gold pieces.

Inventory:

Hand Weapons
 m - a +4 spear of flaming (weapon)
Armour
 a - a +0 animal skin (worn)
Jewellery
 q - a +3 ring of slaying (right claw)
 u - a ring of sustain attributes (left claw)
Scrolls
 e - a scroll of blinking {unknown}
 g - 2 scrolls of teleportation
 h - 4 scrolls of identify
 j - a scroll of magic mapping {unknown}
 p - a scroll of remove curse
Potions
 c - a potion of magic {unknown}
 d - a potion of might {unknown}
 f - a potion of lignification {unknown}
 k - a potion of brilliance {unknown}
 l - 2 potions of invisibility {unknown}
 n - a potion of resistance {unknown}
 o - a potion of flight {unknown}
 s - a potion of agility {unknown}
 t - 2 potions of curing {unknown}
Comestibles
 b - 6 bread rations
 i - 3 meat rations


   Skills:
 + Level 3.2 Fighting
 + Level 1.2 Polearms
 + Level 4.0 Dodging
 + Level 1.0 Stealth
 + Level 3.6 Unarmed Combat


You had 4 spell levels left.
You didn't know any spells.

Dungeon Overview and Level Annotations

Branches:
Dungeon (4/15)
 Temple: D:4-7

Altars:
Gozag
Vehumet

Shops:
D:4 (

Annotations:
D:4 kaze's ghost, amateur DsGl


Innate Abilities, Weirdness & Mutations

You are too large for most types of armour.
You have claws for hands.
Your metabolism is lightning-fast.
You like to eat raw meat.
You heal very quickly.
You are covered in fur (AC +1).
You have very tough skin (AC +2).


Message History

Kaze's ghost is severely damaged.
The orc hits you but does no damage. x2
The orc closely misses you. Kaze's ghost misses you.
You closely miss kaze's ghost.
Kaze's ghost is severely damaged.
The orc hits you with a short sword.
* * * LOW HITPOINT WARNING * * *
The orc barely misses you.
You puncture kaze's ghost! You burn kaze's ghost.
Kaze's ghost is almost destroyed.
The orc hits you but does no damage. Kaze's ghost misses you.
The orc hits you but does no damage.
You hit kaze's ghost. You burn kaze's ghost.
Kaze's ghost is almost destroyed.
The orc hits you with a dagger.
* * * LOW HITPOINT WARNING * * *
The orc misses you. Kaze's ghost hits you!
* * * LOW HITPOINT WARNING * * *
The orc misses you. The orc hits you with a dagger.
You die...

..... ....# ######## .....
#...## .......# .....##....#
.......# ...........# .......+
...........# .......#
...........# .......#
......)oW.######## ......>#
#@o.##..<..# .......#
#ooo##.....#
...##'##########o........##
...+......................#
...#............o.........#
...#......................#
...#########..##..###...#######
..##....########..###'###.....#
..#...............#.....#.....#


You could see kaze's ghost and 7 orcs.

Vanquished Creatures
  A centaur skeleton (D:4)
  A worker ant (D:4)
  An iguana (D:4)
  An orc wizard (D:4)
  6 adders
  A worm (D:3)
  6 orcs
  5 giant cockroaches
  7 goblins
  11 hobgoblins
  4 jackals (D:2)
  2 quokkas
  A ball python (D:4)
  3 bats
  3 giant geckos
  7 giant newts
  2 jackal skeletons (D:4)
  4 kobolds
  4 rats
70 creatures vanquished.

Notes
Turn   | Place    | Note
--------------------------------------------------------------
     0 | D:1      | kaze the Troll Berserker began the quest for the Orb.
     0 | D:1      | Reached XP level 1. HP: 22/22 MP: 0/0
   179 | D:1      | Reached XP level 2. HP: 29/29 MP: 1/1
   591 | D:2      | Reached XP level 3. HP: 36/36 MP: 2/2
   632 | D:2      | Found a faded altar to an unknown god.
   652 | D:2      | Found a radiant altar of Vehumet.
   667 | D:2      | Reached ** piety under Trog
  1132 | D:3      | Reached XP level 4. HP: 44/44 MP: 3/3
  1442 | D:3      | Found an opulent altar of Gozag.
  1677 | D:4      | Reached skill level 1 in Polearms
  1677 | D:4      | Reached XP level 5. HP: 43/53 MP: 4/4
  1768 | D:4      | Found Yghamuz's Weapon Emporium.
  1801 | D:4      | Reached *** piety under Trog
  1915 | D:4      | Noticed kaze's ghost (amateur DsGl)
  1917 | D:4      | Reached skill level 4 in Dodging
  1917 | D:4      | Reached skill level 1 in Stealth
  1931 | D:4      | Slain by an orc

Action                   |  1- 3 |  4- 6 || total
-------------------------+-------+-------++-------
Melee: Unarmed           |    23 |       ||    23
       Spear             |    73 |   122 ||   195
Invok: Trog's Hand       |     1 |       ||     1
       Berserk           |       |     1 ||     1
  Use: Scroll            |       |     7 ||     7
 Stab: Sleeping          |     2 |     4 ||     6
  Eat: Chunk             |    11 |     9 ||    20
